[Event "Superbet Blitz Poland 2023"]
[Site "Warsaw"]
[Date "2023.05.25"]
[Round "18"]
[White "Carlsen, Magnus"]
[Black "Duda, Jan-Krzysztof"]
[Result "1/2-1/2"]
[ECO "B27"]
[WhiteElo "2853"]
[BlackElo "2724"]
[Annotator "TA"]
[PlyCount "247"]
[EventDate "2023.05.24"]
[EventType "tourn"]
[EventCountry "POL"]
[SourceTitle "playchess.com"]
[Source "ChessBase"]
[SourceQuality "1"]
[TimeControl "300+2"]

1. e4 c5 2. Nf3 b6 3. d4 cxd4 4. Nxd4 Bb7 5. Nc3 a6 6. Bg5 Qc7 7. Nd5 Qe5 8. Be3 e6 9. Nf3 Qxe4 10. Nc7+ Ke7 11. Nxa8 Bxa8 12. Qd4 b5 13. a4 Qxd4 14. Nxd4 b4 15. a5 Nf6 16. Nb3 Nd5 17. Ba7 Nc6 18. Bb6 g5 19. Bxa6 Bg7 20. Ra2 Rb8 21. Be2 Nxb6 22. axb6 Nd4 23. Nxd4 Bxd4 24. Bf3 Bxf3 25. gxf3 b3 26. cxb3 Rxb6 27. h4 h6 28. hxg5 hxg5 29. Ke2 Rxb3 30. Rd1 Bb6 31. Rd3 Rb5 32. b3 f5 33. Ra4 Bc5 34. b4 Bb6 35. Rb3 Kf6 36. Ra8 Bc5 37. Ra5 Rxb4 38. Rxb4 Bxb4 39. Ra7 d6 40. Rd7 Bc5 41. Rh7 Ke5 42. Rg7 Kf4 43. Rg6 e5 44. Rg8 Bd4 45. Rd8 Bc5 46. Ra8 g4 47. Ra4+ Bd4 48. fxg4 Kxg4 49. f3+ Kf4 50. Ra8 e4 51. fxe4 fxe4 52. Rf8+ Ke5 53. Re8+ Kd5 54. Kd2 Bc5 55. Ke2 Kd4 56. Ra8 d5 57. Ra4+ Ke5 58. Ra5 Bb6 59. Rb5 Bg1 60. Rb1 Bc5 61. Rh1 d4 62. Rh5+ Kd6 63. Rf5 Bb4 64. Rh5 Ke6 65. Rb5 Bd6 66. Rh5 Bf4 67. Rh3 Kd5 68. Rh5+ Ke6 69. Rh3 Kd6 70. Ra3 Kc5 71. Ra5+ Kb4 72. Rd5 Kc4 73. Rf5 d3+ 74. Kd1 Bg3 $2 (74... Bd6 75. Rg5 e3 76. Rg2 Kd4 77. Ke1 Ke4 78. Kf1 Bc7) 75. Rg5 $1 $11 Bf2 76. Rg4 Kd5 (76... Kd4 77. Rg7 $17) 77. Rg8 ({Reject} 77. Kd2 Kd4 78. Kd1 Be3 $17) 77... Kd4 (77... e3 {seems wilder.} 78. Re8 Kd4 79. Rd8+ Ke4) 78. Rd8+ (78. Rg4 $1 $11) 78... Ke3 (78... Kc4 $1 $15 79. Re8 Kd4) 79. Re8 Bh4 80. Re6 Bd8 81. Re8 Ba5 82. Re7 Bb4 83. Re8 Kf3 84. Rd8 $1 Kf4 85. Rd7 Ke3 86. Rd8 Bc3 87. Rd7 Kf4 88. Rd8 Ke5 89. Rd7 Bb4 90. Rd8 $1 Be7 91. Re8 Kd6 (91... Ke6 $5 92. Kd2 $8 Kf7 $11) 92. Kd2 $1 Bg5+ 93. Kc3 Kd5 94. Ra8 Bf6+ 95. Kd2 Bg5+ (95... Kd4 $5 96. Ra4+ $8 Kd5 $11) 96. Kc3 Ke5 97. Rf8 Bf4 98. Rf7 Be3 (98... d2 {feels hotter.} 99. Kc2 e3 100. Rd7 Bg5) 99. Rf8 Bd4+ 100. Kd2 Bc5 101. Rf7 Kd4 ({Inferior is} 101... Bb4+ 102. Ke3 $17) 102. Rf4 $1 (102. Rd7+ Kc4 103. Ke1 e3 $19) 102... Bb4+ 103. Kd1 Bc3 104. Rh4 Kd5 105. Rh5+ $1 Ke6 106. Rc5 Bd4 (106... Be5 $5 107. Kd2 $8 Bd6 $11) 107. Ra5 Kd6 108. Ra8 Ke5 (108... e3 {looks sharper.} 109. Ra3 d2 110. Ra5 Bc5) 109. Re8+ Kf4 110. Rd8 Bc3 111. Rf8+ Ke3 112. Re8 Ba5 113. Re6 Kd4 114. Rd6+ Kc4 115. Re6 Kd5 116. Re8 $2 (116. Rg6 $11 Bc3 117. Rg5+ Kd4 118. Rg4) 116... Kd4 $2 (116... Bb6 {mates} 117. Rb8 Bc5 118. Rg8 e3 119. Re8 Kd4 120. Re6 Bb4 121. Re8 Bd6 122. Ke1 Be5 123. Rg8 Kc3 124. Re8 Kc2 125. Rxe5 d2+ 126. Ke2 d1=Q+ 127. Kxe3 Qg1+ 128. Kf3 Qh1+ 129. Kg4 Qh7 130. Kg5 Qf7 131. Re3 Kd2 132. Re5 Kd3 133. Re1 Qg8+ 134. Kf6 Qf8+ 135. Kg6 Qf4 136. Re7 Kd4 137. Ra7 Qd6+ 138. Kf7 Ke5 139. Re7+ Kd5 140. Ke8 Qg6+ 141. Kf8 Qf5+ 142. Rf7 Qc8+ 143. Kg7 Qc3+ 144. Rf6 Ke5 145. Rf8 Qd4 146. Kh7 Qd6 147. Kg7 Qe7+ 148. Rf7 Qg5+ 149. Kh7 Ke6 150. Rf8 Qg4 151. Kh6 Ke7 152. Ra8 Qh3+ 153. Kg5 Qg2+ 154. Kf5 Qxa8 155. Kf4 Kf6 156. Ke3 Qd5 157. Kf2 Kf5 158. Ke3 Qd1 159. Kf2 Kf4 160. Kg2 Qe2+ 161. Kh1 Kg3 162. Kg1 Qg2#) 117. Ra8 $1 $11 Bc7 118. Rc8 $2 {[%emt 0:00:03][%mdl 8192] [#]} (118. Ra4+ $11 Ke3 119. Ra7) 118... Bf4 $2 (118... Bb6 $1 $19 {( -> ...e3)} 119. Rb8 Bc5) 119. Rd8+ Kc3 120. Rc8+ Kb3 121. Rf8 Bh6 122. Rh8 Bg7 123. Re8 Kc3 124. Rxe4 1/2-1/2

[Event "Superbet Blitz Poland 2023"]
[Site "Warsaw"]
[Date "2023.05.25"]
[Round "18"]
[White "Rapport, Richard"]
[Black "Aronian, Levon"]
[Result "1/2-1/2"]
[ECO "D03"]
[WhiteElo "2745"]
[BlackElo "2745"]
[Annotator "TA"]
[PlyCount "93"]
[EventDate "2023.05.24"]
[EventType "tourn"]
[EventCountry "POL"]
[SourceTitle "playchess.com"]
[Source "ChessBase"]
[SourceQuality "1"]
[TimeControl "300+2"]

1. d4 Nf6 2. Bg5 d5 3. e3 g6 4. Nd2 Bg7 5. c3 O-O 6. Ngf3 Nbd7 7. h3 Re8 {[%emt 0:00:04] D03: 1 d4 d5 2 Nf3 Nf6 3 Bg5, including Torre Attack with early ...d5.} 8. Bf4 Ne4 {[%emt 0:00:19] [#]} (8... Nh5 $11) 9. Bh2 $146 (9. Nxe4 $14 dxe4 10. Ng5) ({Predecessor:} 9. Nxe4 dxe4 10. Ng5 Nf6 11. Bc4 e6 12. Qc2 Bd7 13. Be5 Bc6 14. h4 h6 15. Bxf6 Bxf6 16. Nxe4 Bxh4 {1-0 Stefanova,A (2550)-Bianchi,A (2187) Mar del Plata op 34th 2003 (9)}) 9... Nd6 10. Qb3 c6 11. Be2 e5 12. O-O Qe7 13. Qa3 a5 14. Rfe1 b5 15. dxe5 Nxe5 16. Nxe5 Bxe5 17. Bxe5 Qxe5 18. Qc5 Bd7 19. a4 b4 20. cxb4 $16 axb4 21. a5 (21. Qxb4 Rab8 22. Qc3 Rxb2 23. Qxe5 Rxe5 $14) 21... Reb8 22. a6 {[%emt 0:00:14] Against Nb7} Nc8 (22... Nf5 $16) 23. Qd4 (23. e4 $18) 23... Qxd4 24. exd4 Nd6 25. Nb3 Ra7 26. Nc5 Bc8 27. Bd3 Kf8 28. Ra4 {[%emt 0:00:07] White is much more active.} Bf5 29. Bf1 Bc2 30. b3 Nf5 {[%emt 0:00:02] [#]} 31. Re2 $1 Nxd4 {[%emt 0:00:01] [#]} 32. Rd2 Nxb3 ({Better is} 32... Bxb3 33. Ra1 (33. Rxd4 Bxa4 34. Nxa4 Ke7 $17) (33. Ra5 Ke7 $16) 33... Bc2 34. Rxd4 b3) 33. Rxc2 Nxc5 34. Rxc5 Rb6 35. Rc1 Ke7 36. Rb1 c5 37. Rd1 ({White must play} 37. Ra5 $16 Kd6 38. Bb5) 37... b3 $1 $11 {[%emt 0:00:09] Hoping for ...c4. The position is equal.} 38. Rxd5 {[%emt 0:00:22][%cal Od5d1] aiming for Rd1!} b2 39. Bd3 {[%emt 0:00:08] Threatens to win with Re5+.} (39. Rxc5 $2 {is the wrong capture.} b1=Q 40. Rac4 Qa1 $19) 39... b1=Q+ 40. Bxb1 Rxb1+ {[%emt 0:00:01][%mdl 4096] Endgame KRR-KRR} 41. Kh2 Rb6 42. Rxc5 Rbxa6 43. Rxa6 Rxa6 44. Rc4 Ra7 45. Rc5 Ra6 46. Rc4 Ra7 47. Rc5 {Weighted Error Value: White=0.10 (very precise) /Black=0.13 (very precise)} 1/2-1/2

[Event "Superbet Blitz Poland 2023"]
[Site "Warsaw"]
[Date "2023.05.25"]
[Round "18"]
[White "Deac, Bogdan-Daniel"]
[Black "So, Wesley"]
[Result "1/2-1/2"]
[ECO "D41"]
[WhiteElo "2700"]
[BlackElo "2760"]
[Annotator "TA"]
[PlyCount "120"]
[EventDate "2023.05.24"]
[EventType "tourn"]
[EventCountry "POL"]
[SourceTitle "playchess.com"]
[Source "ChessBase"]
[SourceQuality "1"]
[TimeControl "300+2"]

1. d4 Nf6 2. c4 e6 3. Nf3 d5 4. Nc3 c5 5. cxd5 cxd4 6. Qxd4 exd5 7. e4 {[%emt 0:00:03] D41: Queen's Gambit Declined: Semi-Tarrasch with 5 cxd5.} dxe4 8. Qxd8+ Kxd8 9. Ng5 {[%emt 0:00:02][%csl LRe4,LRf7] White has an edge.} Be6 10. Nxe6+ fxe6 11. Bg5 Nc6 12. Bc4 Ke7 13. Nxe4 Kf7 14. Bxf6 gxf6 15. O-O-O Rd8 {[%emt 0:00:02] Inhibits Rd7+.} ({But not} 15... Ne5 16. Bb3 $16) 16. Rxd8 Nxd8 17. Rd1 Be7 18. Rd7 {[%emt 0:00:04] aiming for Nd6+.} f5 19. Nd6+ Kf6 20. Nxb7 Nxb7 21. Rxb7 $14 {[%emt 0:00:01][%mdl 4096] Endgame KRB-KRB} Bc5 22. Rc7 Bxf2 23. Rc6 Re8 24. b4 Bg1 25. h3 Rb8 ({Better is} 25... f4 $11) 26. Rxe6+ Kg5 {[%emt 0:00:04][%cal Ob8c8] Strongly threatening ...Rc8!} 27. b5 $1 Rc8 28. Rc6 Rxc6 29. bxc6 {[%emt 0:00:02] KB-KB} Bb6 30. Kd2 Kf6 {[%emt 0:00:02] [#]} 31. Bg8 $146 ({Predecessor:} 31. Bd3 h6 32. Ke2 f4 33. Kf3 Bc7 34. Ke4 a5 35. Bc4 Bb8 36. Kd5 Bc7 37. Bd3 Bb8 38. Kc5 Bc7 {½-½ Keymer,V (2664)-Vidit,S (2727) Berlin FIDE GP 1 Pool-C 2022 (2)}) 31... h6 32. Bh7 f4 33. Kd3 a5 34. Kc4 Bc7 35. h4 Ke5 36. Kb5 Bd8 37. h5 Bc7 38. Bd3 Bd8 39. Be2 Bc7 40. Bf3 Bd8 41. Ka6 Bc7 42. a4 Kd6 43. Kb7 Bd8 44. Kc8 Bc7 (44... Bb6 $16) 45. Kb7 Bd8 46. Be4 Bc7 47. Kc8 $2 (47. Bd5 {mates} Bd8 48. Bf7 Bc7 49. Bg6 Bd8 50. Bf5 Ke5 51. Kc8 (51. c7 Bxc7 52. Bg6 Kd6 $11) 51... Bb6 52. Bg4) 47... Bb6 $16 48. Bf3 {[%emt 0:00:20] Intending Kb8 and mate.} Bc7 {[%emt 0:00:02] [#]} 49. Bd5 $1 {[%emt 0:00:06][%mdl 64] Deflection, Promotion} Bb6 $1 50. Be4 Bc7 51. Bf3 Bb6 52. Be4 Bc7 $1 53. Kb7 {[%emt 0:00:02] Prevents Bb6.} Bd8 54. Bf3 Bc7 55. Be4 Bd8 56. Bf5 Bc7 57. Be4 {[%emt 0:00:01] White is more active.} Bd8 58. Bf3 Bc7 59. Be4 Bd8 60. Bf3 (60. Bh7 $16) 60... Ke5 $2 {[%emt 0:00:05][%mdl 40960] Weighted Error Value: White=0.33/Black=0.19 (very precise) . An unexpected result.} (60... Bc7 $11) 1/2-1/2

[Event "Superbet Blitz Poland 2023"]
[Site "Warsaw"]
[Date "2023.05.25"]
[Round "18"]
[White "Shevchenko, Kirill"]
[Black "Giri, Anish"]
[Result "1/2-1/2"]
[ECO "A28"]
[WhiteElo "2684"]
[BlackElo "2768"]
[Annotator "TA"]
[PlyCount "143"]
[EventDate "2023.05.24"]
[EventType "tourn"]
[EventCountry "POL"]
[SourceTitle "playchess.com"]
[Source "ChessBase"]
[SourceQuality "1"]
[TimeControl "300+2"]

1. c4 Nf6 2. Nc3 e5 3. Nf3 Nc6 4. d3 Bb4 5. Bd2 O-O 6. e3 d5 7. cxd5 Nxd5 8. Be2 {[%emt 0:00:01] A28: English Opening: Four Knights Variation.} Nxc3 9. Bxc3 Bxc3+ 10. bxc3 {[%emt 0:00:01] [#]} Qd6 $146 ({Predecessor:} 10... Qe7 11. d4 Bd7 12. O-O Rad8 13. Qc2 Rfe8 14. Rab1 b6 15. Bb5 e4 16. Nd2 Na5 17. Bxd7 Rxd7 {½-½ Timofeev,A (2655)-Najer,E (2665) RUS-chT 17th 2010 (1)}) 11. O-O b6 12. d4 Bf5 13. Qa4 exd4 14. cxd4 Nb4 15. Rac1 Bd7 16. Qb3 Be6 17. Bc4 Bxc4 18. Qxc4 Rac8 19. Rfd1 c5 20. Ne5 (20. d5 $16) 20... Nc6 21. Nxc6 (21. dxc5 $2 Qxe5 22. cxb6 axb6 $19) 21... Qxc6 22. Qa6 Qc7 23. Rc4 Rfd8 24. Rdc1 Qe7 25. h3 Rc7 26. dxc5 bxc5 27. Qa5 Rdc8 28. Qc3 g6 29. a4 Qe6 30. Qa5 Qb6 31. Qd2 Qe6 32. h4 h5 33. Qc3 Qe7 34. g3 Rc6 35. Qc2 Qe5 36. Rd1 Rd6 37. Rb1 Rb6 38. Rb5 Rxb5 39. axb5 $11 {[%emt 0:00:00][%mdl 4096] Endgame KQR-KQR} Qc7 40. Qa4 (40. g4 {with more complications.} hxg4 41. h5 g3 42. hxg6 gxf2+ 43. Kg2) 40... Qd7 41. Rc1 Qc7 42. Qc4 Qb7 43. Rd1 Qe7 {[%emt 0:00:05] Inhibits Rd6.} 44. Rd5 Qe6 45. e4 Qe7 46. Rg5 Kh7 47. Rd5 Kg8 48. Kh2 Qe6 49. f3 Qf6 50. f4 Qb2+ 51. Kh3 Qb1 {[%emt 0:00:16][%cal Rb1h1] [#]} 52. Kg2 {[%emt 0:00:01] Against Qh1+} Qb2+ 53. Kf3 Qa1 54. f5 {[%emt 0:00:03] fxg6 would be deadly.} (54. Rxc5 $2 Qa3+ $19) 54... Qh1+ $1 55. Kf4 {[%emt 0:00:01] And now fxg6 would win.} Qh3 56. Kf3 {[%emt 0:00:22] Active counter play!} (56. fxg6 {seems wilder.} Qg4+ 57. Ke3 Qxg3+ 58. Kd2) 56... Qh1+ 57. Kf4 {[%emt 0:00:01] fxg6 is the strong threat.} Qh3 58. fxg6 $40 {[%emt 0:00:13][%cal Od5d8][%mdl 128] White threatens Rd8+! and mate. White has some attack.} Qg4+ {[%emt 0:00:06][%mdl 64] Deflection, Double Attack} 59. Ke3 {[%emt 0:00:01][%cal Od5d8] Rd8+! would kill now.} Qxg3+ (59... Qxg6 $2 60. Rg5 $18 (60. Rxc5 Qxg3+ 61. Ke2 Qg2+ 62. Ke1 Qg1+ 63. Qf1 Qxc5 $19) (60. Rxc5 $2 Qxg3+ 61. Ke2 Qg2+ 62. Kd3 Qf3+ 63. Kc2 Qf2+ 64. Kb3 Rxc5 $19)) 60. Kd2 Qf2+ {[%emt 0:00:12] [#]} (60... fxg6 61. Rd3+ Kg7 62. Rxg3 Re8 63. Rd3 Re7 64. Rd8 Kf6 65. Qxc5) (60... Qxh4 $11 {and Black is okay.} 61. Kc1 (61. Rxc5 $2 Qf2+ 62. Kd3 Rxc5 $19) (61. gxf7+ Kf8 $14) 61... Rc7) 61. Kd1 $2 (61. Kc1 $1 $18 {Black must now prevent Rf5.} Kf8 62. Rxh5) 61... Qf3+ $2 (61... Qg1+ $2 62. Kc2 Qf2+ 63. Rd2 $18) (61... Qxh4 $11 {and Black stays safe.} 62. Kc1 (62. Rxc5 Rd8+ 63. Kc2 Qf2+ 64. Kb3 Qg3+ 65. Ka4 Qxg6 $15) (62. gxf7+ Kf8 $14) 62... Rc7) 62. Kc2 Kg7 $2 (62... fxg6 63. Rf5+ Kh8 64. Rxf3 Rc7 65. Rf7 Rxf7 66. Qxf7 c4 67. Kc3 g5 68. hxg5 a6 69. g6 axb5 70. Qh7#) (62... Qg2+ $2 63. Kb3 Qg3+ 64. Ka4 $18) (62... Kf8 63. Rxh5 (63. Rxc5 $2 Qf2+ 64. Kb3 Rxc5 $19) 63... Rc7) 63. gxf7 (63. Rxc5 $2 Qf2+ 64. Kb3 Rxc5 $19) 63... Kf8 64. Rf5 (64. Rxc5 $2 Qf2+ 65. Kb3 Rxc5 $19) 64... Qg2+ 65. Kb3 Qg3+ 66. Ka4 Qe1 $2 (66... Qg7 67. Kb3 (67. Rxc5 Qa1+ 68. Kb4 Qb1+ 69. Kc3 Qe1+ 70. Kb3 Qb1+ 71. Ka4 Qa1+ 72. Kb4 Qb1+ 73. Kc3 Qe1+ 74. Kb3 Qb1+ 75. Ka3 Qa1+ 76. Kb4 $11) 67... Qg3+ 68. Kb2 Qh2+ 69. Qc2 Qd6 70. Rxh5 (70. Qg2 Qd4+ 71. Kb3 Qb4+ 72. Kc2 Qc4+ 73. Kb2 Qd4+ 74. Kc2 Qc4+ 75. Kb2 Qd4+ $11) 70... Qd4+ 71. Ka2 Rb8) 67. Rf3 $2 ({Worse is} 67. Rxc5 Qa1+ 68. Kb4 Qb2+ 69. Ka4 Qa1+ 70. Kb4 Qb2+ 71. Ka4 Qa1+ $11) (67. Rf1 $18 Qb4+ 68. Qxb4 cxb4 69. Kxb4) 67... Qa1+ {[%emt 0:00:02] The position is equal.} 68. Ra3 {[%emt 0:00:01] Chess con chili.} Qd1+ 69. Rb3 Qa1+ 70. Ra3 Qd1+ 71. Rb3 Qa1+ 72. Ra3 {[%emt 0:00:00] Weighted Error Value: White=0.09 (flawless) /Black=0.13 (very precise)} 1/2-1/2

[Event "Superbet Blitz Poland 2023"]
[Site "Warsaw"]
[Date "2023.05.25"]
[Round "18"]
[White "Wojtaszek, Radoslaw"]
[Black "Vachier-Lagrave, Maxime"]
[Result "0-1"]
[ECO "A21"]
[WhiteElo "2670"]
[BlackElo "2742"]
[Annotator "TA"]
[PlyCount "94"]
[EventDate "2023.05.24"]
[EventType "tourn"]
[EventCountry "POL"]
[SourceTitle "playchess.com"]
[Source "ChessBase"]
[SourceQuality "1"]
[TimeControl "300+2"]

1. c4 e5 2. Nc3 Bb4 3. Qc2 Nf6 4. Nf3 Qe7 5. g3 O-O 6. Bg2 {[%emt 0:00:01] A21: English Opening: 1...e5 2 Nc3.} c6 7. a3 Bxc3 8. Qxc3 {[%emt 0:00:02] The position is equal.} Re8 9. O-O {[%emt 0:00:35] [#]} a5 $146 ({Predecessor:} 9... d5 10. d3 e4 11. dxe4 Nxe4 12. Qc2 dxc4 13. Qxc4 Nd7 14. b4 Qf6 15. Nd4 Nb6 {1-0 Moradiabadi,E (2539)-Dhulipalla,B (2414) Sitges Sunway op 6th 2019 (10)}) 10. d3 a4 11. Bg5 d6 12. Nd2 Nbd7 13. Rae1 h6 14. Bxf6 Nxf6 15. Qb4 Qc7 16. Rc1 Qa5 17. Nb1 Rd8 18. Nc3 Qa7 19. Ne4 Nxe4 20. Bxe4 Be6 21. Bg2 Rab8 (21... c5 $5 22. Qd2 (22. Qxb7 Qxb7 23. Bxb7 Rab8 $15) 22... Rab8 $11) 22. Qc3 Rdc8 (22... c5 $15) 23. Rfd1 (23. c5 $11) 23... b5 (23... c5 $15) 24. c5 $1 $11 Bb3 ({Black should play} 24... b4 $11 25. axb4 d5) 25. Rd2 (25. Re1 $14) 25... Qe7 26. cxd6 Qxd6 27. Qc5 Qe6 28. e3 (28. Bxc6 Rc7 29. d4 exd4 30. Rxd4 Qxe2 $17) 28... Rd8 29. d4 (29. Bxc6 $2 {loses.} Rbc8 30. d4 (30. Qxb5 $2 {perishes.} Rd5 $19) 30... Rd5 31. Bxd5 Rxc5 32. Bxe6 Rxc1+ 33. Kg2 fxe6 $19) 29... e4 30. Rc3 (30. Qxc6 $2 {too greedy.} Rbc8 $19) 30... Bd5 31. Qb4 g5 32. Rc5 h5 33. Rdc2 h4 34. Qd2 Kg7 35. Qe2 Rh8 36. h3 {[%emt 0:00:06] [#]} (36. Qe1 $17 {keeps fighting.}) 36... hxg3 $1 $19 37. fxg3 {[%emt 0:00:01] [#]} Rh6 (37... Rxh3 $1 $19 {has better winning chances.} 38. Bxh3 Qxh3) 38. Rc1 b4 (38... Rf8 $17 {White must now prevent ...f5.} 39. Qg4 Qxg4 40. hxg4 Rb8) 39. Qg4 $2 (39. axb4 $15 Rxb4 40. R1c2) 39... Qxg4 40. hxg4 bxa3 41. bxa3 Rb3 42. R5c3 Rh8 {[%emt 0:00:01] Hoping for ...Rhb8.} 43. Bf1 Rhb8 {[%emt 0:00:05] Strongly threatening ...Rxc3.} 44. Bc4 $2 (44. Kf2 Rxc3 45. Rxc3) 44... Bxc4 {[%emt 0:00:02] Black is clearly winning.} 45. Rxc4 Rxe3 46. Rxc6 Rxg3+ 47. Kf2 Rxg4 {[%emt 0:00:02] Weighted Error Value: White=0.39/Black=0.09 (flawless)} 0-1